 Dungeon Crawl Stone Soup version 0.27.1-33-g824d729ab1 (webtiles) character file.

Game seed: 18385981108193157777

65 KamiKatze the Skirmisher (level 4, -2/40 HPs)
             Began as a Ghoul Fighter on Dec 31, 2021.
             Slain by a phantom (3 damage)
             ... on level 1 of the Dungeon.
             The game lasted 00:08:57 (1715 turns).

KamiKatze the Skirmisher (Ghoul Fighter)            Turns: 1715, Time: 00:08:57

Health: -2/40      AC:  6    Str: 20    XL:     4   Next: 13%
Magic:  3/3        EV:  8    Int:  3    God:
Gold:   45         SH:  9    Dex:  8    Spells: 3/3 levels left

rFire    . . .     SeeInvis .   a - +0 war axe
rCold    + . .     Faith    .   c - +0 kite shield
rNeg     + + +     Spirit   .   m - +0 ring mail
rPois    ∞         Reflect  .   (no helmet)
rElec    .         Harm     .   r - +0 cloak
rCorr    .         Rampage  .   (no gloves)
Will     .....                  (no boots)
Stlth    ..........             (no amulet)
HPRegen  0.00/turn              u - ring of flight
MPRegen  0.08/turn              (no ring)

@: mighty, flying, inhibited regen
A: claws 1, cold resistance 1, negative energy resistance 3, inhibited
regeneration, torment resistance 2
a: no special abilities


You were on level 1 of the Dungeon.
You visited 1 branch of the dungeon, and saw 3 of its levels.

You collected 45 gold pieces.

Inventory:

Hand Weapons
 a - a +0 war axe (weapon)
 f - a +0 spear
 q - a +0 mace
Missiles
 e - 79 stones
 l - 3 silver javelins
 s - 8 poisoned darts (quivered)
Armour
 b - a +0 scale mail
 c - a +0 kite shield (worn)
 m - a +0 ring mail (worn)
 r - a +0 cloak (worn)
Jewellery
 u - a ring of flight (left claw)
Scrolls
 g - 2 scrolls of enchant weapon {unknown}
 h - 2 scrolls of teleportation {unknown}
 n - a scroll of magic mapping {unknown}
 p - a scroll of torment {unknown}
 t - a scroll of brand weapon {unknown}
 v - a scroll of fog {unknown}
Potions
 d - a potion of might
 j - a potion of degeneration {unknown}
 k - a potion of flight {unknown}
 o - a potion of ambrosia {unknown}


   Skills:
 + Level 3.6 Fighting
 * Level 2.6 Axes
 + Level 3.0 Armour
 * Level 3.4 Shields


You had 3 spell levels left.
You didn't know any spells.
Your spell library was empty.

Dungeon Overview and Level Annotations

Branches:
Dungeon (3/15)

Altars:
Wu Jian


Innate Abilities, Weirdness & Mutations

You thrive by killing the living.
You are immune to poison.
You have sharp fingernails.
Your flesh is cold resistant. (rC+)
You are immune to negative energy. (rN+++)
You do not regenerate when monsters are visible.
You are immune to unholy pain and torment.


Message History

The phantom is moderately damaged.
You block the phantom's attack. The phantom hits you.
* * * LOW HITPOINT WARNING * * *
The phantom blinks!
You blink.
Found a stone staircase leading up.
The phantom hits you but does no damage.
You hit the phantom.
The phantom is heavily damaged.
The phantom closely misses you.
You hit the phantom.
The phantom is heavily damaged.
The phantom hits you.
* * * LOW HITPOINT WARNING * * *
The phantom blinks!
You blink.
The phantom closely misses you. You block the phantom's attack.
There is a stone staircase leading up here.
The phantom hits you.
* * * LOW HITPOINT WARNING * * *
You fly upwards.
There is a stone staircase leading down here.
You closely miss the phantom.
The phantom is heavily damaged.
You block the phantom's attack.
There is a stone staircase leading up here.
The phantom barely misses you.
You fly upwards.
There is a stone staircase leading down here.
You barely miss the phantom.
The phantom is heavily damaged.
The phantom hits you.
* * * LOW HITPOINT WARNING * * *
The phantom blinks!
You blink.
The phantom hits you.
* * * LOW HITPOINT WARNING * * *
You feel very mighty all of a sudden. The phantom hits you!
* * * LOW HITPOINT WARNING * * *
Unknown command.
It was a potion of magic.
Magic courses through your body. The phantom hits you.
You die...

#.##.##### ######.........
#>........##### #.######..#
####.# ####+## #....#
#.....# #....# #.....#
#W...####.....##
#@.........#...#
#....#####.#.#.###
#####....####.........
###..............#.#.###
#.'.....................
#.#..............#.##.##
#####'#######.....).##.##.##
#..........##.#........##..#
#..........##.#.##......##+#


You could see a phantom.

Vanquished Creatures
  An adder (D:2)
  A worm (D:2)
  A dart slug (D:3)
  4 endoplasms
  3 giant cockroaches
  4 goblins
  5 hobgoblins
  A jackal (D:1)
  8 kobolds
  2 quokkas
  6 bats
  4 frilled lizards (D:1)
  8 rats
48 creatures vanquished.

Notes
Turn   | Place    | Note
-------+----------+-------------------------------------------
     0 | D:1      | KamiKatze the Ghoul Fighter began the quest for the Orb.
     0 | D:1      | Reached XP level 1. HP: 19/19 MP: 0/0
   244 | D:1      | Reached XP level 2. HP: 25/26 MP: 1/1
   441 | D:1      | You fall into a shaft and drop 1 floor!
   579 | D:1      | Reached XP level 3. HP: 29/31 MP: 2/2
  1490 | D:2      | Reached XP level 4. HP: 37/39 MP: 3/3
  1605 | D:3      | Found an ornate altar of the Wu Jian Council.
  1663 | D:3      | Noticed a phantom
  1714 | D:1      | HP: 1/40 [phantom (7)]
  1715 | D:1      | Slain by a phantom

Illustrated notes

Levels and vault maps discovered:
D:1:      dpeg_arrival_rhombi, layout_basic, minmay_small_reverse_x
D:2:      layout_basic
D:3:      layout_basic, nicolae_wu_jian_immortal_techniques,
          chequers_ecumenical_altar_simple_redux, uniq_robin,
          uniq_crazy_yiuf_cottage

Skill      XL: |  1  2  3 |
---------------+----------+-----
Axes           | 2 |  2.6
Shields        | 3 |  3.4
Armour         | 3 |  3.0
Fighting       | |  3.6

Action                   |  1- 3 |  4- 6 || total
-------------------------+-------+-------++-------
Melee: War axe           |   138 |    33 ||   171
Throw: Stone             |     4 |       ||     4
  Use: Potion            |       |     2 ||     2
Armor: Scale mail        |    13 |       ||    13
       Ring mail         |    39 |    12 ||    51
Dodge: Dodged            |    50 |    18 ||    68
Block: Kite shield       |    62 |    20 ||    82
